AoeStats
← [RZ] Italo_Rafael

African Clearing

510802598Analyzed
3v3 RM · 12h ago on Oct 2, 2026· 62m 2s· 6 players
Game mode
Random Map
Map size
Normal (6 player)
Population
200
Speed
Normal
Resources
Standard
Victory
Conquest
Starting age
Dark Age
Ending age
Imperial Age
RankedLock teamsTeams togetherTeam positionsShared explorationLock speedFull tech treeHidden civsTurbo modeCheats
Victory
Defeat
🇮🇳 Mongols · India
1350
+12
🇮🇳 Berbers · India
1278
+15
🇮🇳 Persians · India
1262
+16
🇧🇷 Spanish · Brazil
1417
-20
🇧🇷 Italians · Brazil
1197
-12
🇧🇷 Huns · Brazil
1180
-11
[RZ] Italo_Rafael
6:34 Loom
15:40 Feudal Age
20:37 Castle Age
23:26 Fletching
24:43 Bodkin Arrow
27:42 Ballistics
30:24 Padded Archer Armor
37:34 Leather Archer Armor
51:27 Elite Skirmisher
HighLanderGhost
4:58 Loom
15:08 Feudal Age
16:04 Double-Bit Axe
17:49 Horse Collar
30:06 Castle Age
28:44 Fletching
29:27 Padded Archer Armor
31:18 Wheelbarrow
30:16 Crossbowman
31:54 Bodkin Arrow
35:48 Bow Saw
35:39 Heavy Plow
37:25 Leather Archer Armor
37:22 Gold Mining
39:40 Ballistics
42:00 Stone Mining
46:27 Imperial Age
44:13 Hand Cart
45:31 Light Cavalry
46:21 Bloodlines
46:12 Husbandry
46:32 Thumb Ring
46:38 Scale Barding Armor
46:44 Forging
47:54 Town Watch
49:19 Stone Shaft Mining
50:13 Two-Man Saw
49:45 Crop Rotation
49:39 Conscription
50:54 Chemistry
49:58 Bracer
51:08 Hussar
52:32 Guilds
53:03 Ring Archer Armor
54:13 Chain Barding Armor
54:29 Iron Casting
55:13 Masonry
56:06 Elite Genoese Crossbowman
[RZ] Arch Oxys
9:38 Loom
10:05 Loom
10:16 Loom
12:49 Feudal Age
17:54 Castle Age
15:58 Double-Bit Axe
19:45 Bloodlines
19:36 Husbandry
27:52 Bow Saw
28:38 Padded Archer Armor
29:06 Gold Mining
28:58 Horse Collar
30:55 Wheelbarrow
38:03 Imperial Age
35:36 Heavy Plow
35:56 Hand Cart
38:15 Town Watch
38:07 Elite Conquistador
39:25 Leather Archer Armor
41:00 Conscription
40:47 Scale Barding Armor
40:52 Forging
42:01 Chain Barding Armor
43:07 Iron Casting
41:54 Light Cavalry
42:59 Hussar
44:17 Plate Barding Armor
46:29 Supremacy
47:10 Blast Furnace
46:26 Fletching
48:26 Ring Archer Armor
48:22 Ballistics
49:02 Chemistry
52:19 Bombard Tower
57:12 Bodkin Arrow
57:49 Cavalier
59:02 Bracer
|TheCore| BaburaoApte
6:31 Loom
12:56 Feudal Age
15:11 Double-Bit Axe
17:20 Forging
24:00 Castle Age
25:49 Fletching
26:13 Bloodlines
32:30 Padded Archer Armor
34:06 Leather Archer Armor
36:47 Horse Collar
39:03 Bow Saw
48:27 Bodkin Arrow
51:37 Wheelbarrow
53:02 Ballistics
57:06 Heavy Plow
63:24 Imperial Age
61:10 Hand Cart
61:11 Husbandry
61:19 Scale Barding Armor
|TheCore| Eaglehurst
7:28 Loom
13:57 Feudal Age
15:45 Double-Bit Axe
19:21 Castle Age
18:10 Scale Barding Armor
19:55 Forging
20:07 Double-Bit Axe
22:54 Bloodlines
22:45 Husbandry
23:03 Town Watch
27:00 Horse Collar
28:39 Wheelbarrow
30:12 Fletching
30:29 Husbandry
31:29 Bodkin Arrow
35:14 Parthian Tactics
36:06 Padded Archer Armor
37:10 Leather Archer Armor
37:45 Town Patrol
38:22 Bow Saw
40:16 Chain Barding Armor
44:31 Imperial Age
42:17 Hand Cart
44:01 Heavy Plow
45:15 Iron Casting
44:50 Thumb Ring
45:03 Masonry
44:24 Cavalier
46:06 Plate Barding Armor
45:55 Conscription
50:20 Savar
56:45 Blast Furnace
jaykotak2024
12:34 Feudal Age
11:32 Loom
16:40 Castle Age
15:07 Double-Bit Axe
25:34 Horse Collar
26:36 Fletching
27:16 Gold Mining
27:56 Bow Saw
27:54 Bodkin Arrow
29:24 Husbandry
29:57 Bloodlines
31:04 Wheelbarrow
31:41 Ballistics
35:10 Hand Cart
39:31 Imperial Age
38:03 Padded Archer Armor
39:11 Scale Barding Armor
39:22 Leather Archer Armor
38:45 Light Cavalry
40:43 Bracer
40:11 Elite Mangudai
43:55 Chain Barding Armor
46:01 Parthian Tactics
47:00 Conscription
47:31 Gold Shaft Mining
46:47 Stone Mining
47:25 Heavy Plow
50:16 Thumb Ring
51:35 Chemistry
54:49 Drill
54:12 Capped Ram
56:32 Siege Ram
Connection lost

Rejoining the realm…

Still unreachable

The connection could not be restored.

Session expired

The server has moved on; the page needs a fresh start.